 Dungeon Crawl Stone Soup version 0.20.1-1-g8b1a95d (console) character file.

90417 husjan the Fighter (level 16, -7/141 HPs)
             Began as a Hill Orc Air Elementalist on Sept 1, 2017.
             Was a High Priest of Okawaru.
             Mangled by an enormous slime creature (82 damage)
             ... on level 15 of the Dungeon.
             The game lasted 03:20:52 (21447 turns).

husjan the Fighter (Hill Orc Air Elementalist)     Turns: 21447, Time: 03:20:53

Health: -7/141     AC: 13    Str:  9    XL:     16   Next: 0%
Magic:  2/22       EV: 29    Int: 22    God:    Okawaru [*****.]
Gold:   1558       SH:  7    Dex: 18    Spells: 13/22 levels left

rFire    + + .     SeeInvis +   a - +7 short sword {speed, rPois Int+3}
rCold    . . .     Gourm    .   r - +1 buckler {reflect}
rNeg     . . .     Faith    .   O - +3 leather armour {MR+}
rPois    +         Spirit   .   i - +2 hat {SInv}
rElec    .         Reflect  +   H - scarf {rC+ rF+}
rCorr    .         Harm     .   (no gloves)
MR       ++...                  X - +0 pair of boots
Stlth    ++++++....             q - amulet of regeneration
Regen    0.8/turn               n - ring of Phasing {EV+8}
MPRegen  0.2/turn               Y - ring "Weguq" {Fire rPois Str-4 Dex+8}

@: heroism
A: antennae 1, icy blue scales 1, clumsy 1, mutation resistance 1
a: Heroism, Finesse, Renounce Religion


You were on level 15 of the Dungeon.
You worshipped Okawaru.
Okawaru was extremely pleased with you.
You were very hungry.

You visited 4 branches of the dungeon, and saw 24 of its levels.
You also visited: Labyrinth.

You collected 1864 gold pieces.
You spent 306 gold pieces at shops.

Inventory:

Hand Weapons
 a - the +7 short sword of Booxog (weapon) {speed, rPois Int+3}
   (You found it on level 11 of the Dungeon)

   Attacks with this weapon are significantly faster.
   It affects your intelligence (+3).
   It protects you from poison.
 b - a +0 blowgun
 c - a +4 quick blade
 j - a +3 demon whip of draining
Missiles
 l - 39 poisoned needles
 p - 5 curare-tipped needles
 A - 3 needles of paralysis
 C - 7 javelins of penetration (quivered)
 U - 7 needles of sleeping
Armour
 d - a +0 troll leather armour
 i - a +2 hat of see invisible (worn)
 r - a +1 buckler of reflection (worn)
 H - a scarf of resistance (worn)
 O - a +3 leather armour of magic resistance (worn)
 X - a +0 pair of boots (worn)
Jewellery
 g - an uncursed ring of ice
 h - the ring of Koeteylu {rN+ Dex+3 SInv Stlth-}
   (You found it on level 6 of the Lair of Beasts)

   [ring of positive energy]

   It affects your dexterity (+3).
   It protects you from negative energy.
   It lets you see invisible.
   It makes you less stealthy.
 n - the ring of Phasing (left hand) {EV+8}
   (You found it in a labyrinth)

   [ring of evasion]

   It affects your evasion (+8).
 q - an amulet of regeneration (around neck)
 D - an uncursed amulet of rage
 Y - the ring "Weguq" (right hand) {Fire rPois Str-4 Dex+8}
   (You found it in a labyrinth)

   [ring of fire]

   It enhances your fire magic.
   It affects your strength (-4).
   It affects your dexterity (+8).
   It protects you from fire.
   It makes you vulnerable to cold.
   It protects you from poison.
Wands
 k - a wand of confusion (23/48)
 m - a wand of clouds (6/9)
 y - a wand of disintegration (11/24)
 B - a wand of paralysis (6/24)
 G - a wand of acid (0/15)
 K - a wand of confusion (19/48)
 L - a wand of confusion (2/48)
 P - a wand of polymorph (5/24)
 Q - a wand of paralysis (2/24)
 W - a wand of disintegration (5/24)
Scrolls
 u - 2 scrolls of fog
 z - 7 scrolls of remove curse
 E - a scroll of fear
 F - 2 scrolls of teleportation
 N - a scroll of silence
 R - 4 scrolls of blinking
Potions
 e - 6 potions of curing
 f - 2 potions of magic
 o - 3 potions of flight
 s - 2 potions of cancellation
 t - 7 potions of heal wounds
 w - a potion of agility
 S - 3 potions of might
 T - a potion of berserk rage
 V - 3 potions of haste
 Z - a potion of invisibility
Miscellaneous
 x - a phial of floods (inert)
 M - a fan of gales (inert)
Comestibles
 v - 6 meat rations
 I - 11 fruits
 J - 15 bread rations


   Skills:
 - Level 12.7(17.7) Fighting
 + Level 9.0(14.0) Short Blades
 + Level 9.2(14.2) Throwing
 - Level 9.0(14.0) Armour
 + Level 7.9(12.9) Dodging
 + Level 9.0(14.0) Stealth
 + Level 3.5 Spellcasting
 + Level 6.0 Conjurations
 - Level 10.0 Hexes
 - Level 5.0 Air Magic
 - Level 6.1 Invocations
 + Level 8.8 Evocations


You had 13 spell levels left.
You knew the following spells:

 Your Spells              Type           Power        Failure   Level  Hunger
a - Dazzling Spray        Conj/Hex       #####.       1%          3    ###....
b - Airstrike             Air            ####......   19%         4    ####...
z - Swiftness             Chrm/Air       ###.....     8%          2    ##.....


Dungeon Overview and Level Annotations

Branches:
Dungeon (15/15)            Temple (1/1) D:5            Lair (6/6) D:11
  Swamp (0/4) Lair:3        Snake (0/4) Lair:4        Slime (0/5) Lair:6
    Orc (2/2) D:12            Elf (0/3) Orc:2        Vaults (0/5) D:13
 Depths: D:15

Altars:
Ashenzari
Cheibriados
Dithmenos
Elyvilon
Fedhas
Gozag
Hepliaklqana
Kikubaaqudgha
Makhleb
Nemelex Xobeh
Okawaru
Qazlal
Ru
Sif Muna
Trog
Uskayaw
Vehumet
Xom
Yredelemnul
Zin
The Shining One
Beogh

Shops:
D:9 [   D:13 (   Orc:2 [}[(!

Annotations:
D:14 exclusion: Roxanne, Roxanne
Lair:4 exclusion: oklob plant


Innate Abilities, Weirdness & Mutations

You have a pair of small antennae on your head.
You are partially covered in icy blue scales. (AC +2)
You are clumsy. (Dex -2)
You are somewhat resistant to further mutation.


Message History

The centaur warrior skeleton completely misses you.
The cyan ugly thing is engulfed in poison gas.
The cyan ugly thing looks as sick as possible!
The enormous slime creature hits you!!
Unknown command.
Evoke which item? (* to show all) (? for menu, Esc to quit)
Aiming: Disintegrate (will waste charges)
Press: ? - help, Shift-Dir - straight line, f/p - enormous slime creature
Aim: an enormous slime creature (poison gas, heavily wounded, covered in acid, chance to defeat MR: 78%)
The enormous slime creature is blasted.
Evoking this partially-identified wand wasted a few charges.
You kill the cyan ugly thing!
Okawaru accepts your kill.
You have reached level 16!
The centaur warrior skeleton misses you.
The red ugly thing closely misses you.
The centaur warrior skeleton hits you but does no damage.
The enormous slime creature hits you!!!!
Ouch! That really hurt!
You die...

..####..####..####..########..###
..# #.)# #..# #..# #..# ..# #..#
#..# #..# #..# ..# #..# #..# #..#
#..### ..# #..# #..# #..# #.....
..# #..# #..# #..# #.....
..####..####..####..########..###
................Zu§§§§.......(#
.........<......@J§§§§........#
####..#######..####§#.######..#
#.. #..# #.# #..# #.. #..# #...#
#..# #.. #..##.....# #≈.# #.
#..##.....######≈)###
.#####...##....≈)†... #
##u##.....)()(.. #..#####..#####


You could see a red ugly thing, an enormous slime creature and a centaur warrior
skeleton.

Vanquished Creatures
  Gastronok (Lair:2)
  2 orc warlords
  Azrael (D:14)
  An ettin (D:14)
  A minotaur (Lab)
  5 hydras
  3 centaur warriors
  14 two-headed ogres
  9 death yaks
  A death knight (D:15)
  A deep troll shaman (Lair:6)
  An ogre mage (D:12)
  A catoblepas (Lair:6)
  An orc high priest (Orc:2)
  5 skeletal warriors
  4 unseen horrors
  A lindwurm (Lair:6)
  An orc knight (Orc:2)
  4 cyclopes
  4 orc sorcerers (Orc:2)
  A wolf spider (shapeshifter) (D:13)
  A salamander (shapeshifter) (D:13)
  A deep elf mage (D:12)
  3 ugly things
  4 manticores
  Joseph (D:10)
  A centaur zombie (D:13)
  12 elephants (Lair:6)
  5 black mambas
  6 spiny frogs
  4 centaur skeletons
  A gargoyle (D:13)
  3 rime drakes
  A rime drake (shapeshifter) (D:13)
  2 freezing wraiths
  3 kobold demonologists (D:8)
  4 komodo dragons
  4 trolls
  3 meliai (D:13)
  2 polar bears
  3 hornets
  16 blink frogs
  Prince Ribbit (D:5)
  13 dream sheep
  11 hippogriffs
  A centaur simulacrum (D:14)
  A shadow (D:13)
  An air elemental (Orc:2)
  2 redbacks (Lab)
  2 wraiths
  2 spriggans
  4 wyverns
  30 yaks
  2 basilisks (Lab)
  6 fire elementals
  A steam dragon (D:9)
  2 vampire mosquitoes
  3 hungry ghosts
  A soldier ant (D:11)
  A warg (Orc:1)
  6 porcupines
  An acid dragon (D:13)
  14 water moccasins
  2 hell hounds (D:14)
  37 orc warriors
  A swamp drake (D:11)
  4 ice beasts
  A necrophage (D:15)
  4 sky beasts
  2 phantoms
  3 eyes of draining (D:10)
  10 wolves
  12 ogres
  17 centaurs
  22 crocodiles
  Blork the orc (D:5)
  3 big kobolds
  18 bullfrogs
  2 wyvern zombies
  6 scorpions
  3 wyvern skeletons
  14 killer bees
  5 howler monkeys
  10 electric eels
  6 crimson imps
  A bullfrog zombie (D:12)
  3 quasits
  6 jellies
  6 hounds
  23 orc priests
  A bullfrog skeleton (D:8)
  8 worker ants
  4 iguanas
  34 orc wizards
  A hound zombie (D:5)
  3 hound skeletons
  A worker ant zombie (D:7)
  14 adders
  2 gnolls
  6 shadow imps
  4 oozes (Lair:6)
  An adder skeleton (D:10)
  A worm (D:2)
  2 dart slugs
  6 leopard geckos
  98 orcs
  A ball python (D:1)
  6 giant cockroaches
  7 goblins
  11 hobgoblins
  10 jackals
  4 quokkas
  7 bats
  3 frilled lizards (D:1)
  21 kobolds
  A leopard gecko zombie (D:8)
  A quokka zombie (D:10)
  7 rats
  A fungus (Lair:6)
  3 plants (Lair:3)
738 creatures vanquished.

Vanquished Creatures (collateral kills)
  A fungus (Lair:2)
1 creature vanquished.

Vanquished Creatures (others)
  A spiny frog (Lair:6)
  9 fungi
  14 plants
24 creatures vanquished.

Grand Total: 763 creatures vanquished

Notes
Turn   | Place    | Note
-------+----------+-------------------------------------------
     0 | D:1      | husjan the Hill Orc Air Elementalist began the quest for the Orb.
     0 | D:1      | Reached XP level 1. HP: 14/14 MP: 3/3
   112 | D:1      | Reached skill level 1 in Fighting
   113 | D:1      | Reached XP level 2. HP: 15/23 MP: 0/4
   325 | D:1      | Reached XP level 3. HP: 17/29 MP: 0/5
   452 | D:1      | Reached skill level 2 in Fighting
   597 | D:2      | Learned a level 2 spell: Swiftness
   757 | D:2      | Reached XP level 4. HP: 33/37 MP: 2/6
  1059 | D:2      | Reached skill level 3 in Fighting
  1477 | D:3      | Reached XP level 5. HP: 32/45 MP: 0/7
  1655 | D:4      | Found a glowing silver altar of Zin.
  1886 | D:4      | Reached XP level 6. HP: 47/52 MP: 3/8
  1997 | D:4      | Reached skill level 4 in Fighting
  2139 | D:4      | Found a snail-covered altar of Cheibriados.
  2237 | D:4      | Learned a level 4 spell: Airstrike
  2369 | D:5      | Entered Level 5 of the Dungeon
  2400 | D:5      | Noticed Prince Ribbit
  2529 | D:5      | Noticed Blork the orc
  2529 | D:5      | Noticed an ice beast
  2543 | D:5      | Killed an ice beast
  2543 | D:5      | Reached skill level 5 in Fighting
  2543 | D:5      | Reached XP level 7. HP: 49/61 MP: 1/9
  2588 | D:5      | You fall through a shaft!
  3075 | D:7      | Reached skill level 6 in Fighting
  3134 | D:7      | Reached skill level 5 in Air Magic
  3134 | D:7      | Reached XP level 8. HP: 30/71 MP: 3/10
  3187 | D:6      | Found an opulent altar of Gozag.
  3435 | D:5      | Found a staircase to the Ecumenical Temple.
  3442 | Temple   | Entered the Ecumenical Temple
  3509 | Temple   | Became a worshipper of Warmaster Okawaru
  3605 | D:5      | Reached skill level 1 in Evocations
  3679 | D:5      | Killed Blork the orc
  3679 | D:5      | Reached skill level 7 in Fighting
  3880 | D:5      | Killed Prince Ribbit
  3880 | D:5      | Reached * piety under Okawaru
  3880 | D:5      | Reached skill level 8 in Fighting
  3880 | D:5      | Reached skill level 5 in Conjurations
  4190 | D:7      | Reached skill level 1 in Armour
  4318 | D:7      | Reached skill level 1 in Invocations
  4405 | D:7      | Reached XP level 9. HP: 78/82 MP: 8/11
  4681 | D:8      | Found a sparkling altar of Nemelex Xobeh.
  4719 | D:8      | Found a deep blue altar of Sif Muna.
  4841 | D:8      | Reached ** piety under Okawaru
  4841 | D:8      | Reached skill level 9 in Fighting
  4942 | D:8      | Noticed a hornet
  4950 | D:8      | Killed a hornet
  5251 | D:8      | Noticed a hornet
  5256 | D:8      | Paralysed by a hornet for 1 turns
  5258 | D:8      | Killed a hornet
  5315 | D:8      | Noticed a kobold demonologist
  5318 | D:8      | Noticed a kobold demonologist
  5318 | D:8      | Noticed a kobold demonologist
  5322 | D:8      | Noticed an orange demon
  5325 | D:8      | Noticed a rust devil
  5334 | D:8      | Killed a kobold demonologist
  5339 | D:8      | Killed a kobold demonologist
  5339 | D:8      | Reached skill level 10 in Fighting
  5339 | D:8      | Reached XP level 10. HP: 46/93 MP: 4/13
  5341 | D:8      | Reached *** piety under Okawaru
  5353 | D:8      | Killed a kobold demonologist
  5353 | D:8      | Reached skill level 5 in Invocations
  5811 | D:8      | Gained mutation: Armour fits poorly on your strangely shaped body. [potion of mutation]
  5811 | D:8      | Gained mutation: Scrolls take you a little longer to read. [potion of mutation]
  5811 | D:8      | Gained mutation: You are somewhat resistant to further mutation. [potion of mutation]
  5811 | D:8      | Gained mutation: You are resistant to hostile enchantments. (MR+) [potion of mutation]
  5812 | D:8      | Lost mutation: You are resistant to hostile enchantments. (MR+) [potion of mutation]
  5812 | D:8      | Lost mutation: Scrolls take you a little longer to read. [potion of mutation]
  5812 | D:8      | Lost mutation: Armour fits poorly on your strangely shaped body. [potion of mutation]
  5812 | D:8      | Lost mutation: You are somewhat resistant to further mutation. [potion of mutation]
  5812 | D:8      | Gained mutation: You have a pair of small antennae on your head. [potion of mutation]
  5812 | D:8      | Gained mutation: You are clumsy. (Dex -2) [potion of mutation]
  5812 | D:8      | Gained mutation: You are somewhat resistant to further mutation. [potion of mutation]
  5812 | D:8      | Gained mutation: You are partially covered in icy blue scales. (AC +2) [potion of mutation]
  6073 | D:9      | Found Duyvuczo's Armour Emporium.
  6093 | D:9      | Reached skill level 5 in Evocations
  6188 | D:9      | Reached skill level 5 in Armour
  6609 | D:9      | Reached **** piety under Okawaru
  6732 | D:10     | Entered Level 10 of the Dungeon
  6752 | D:10     | Learned a level 2 spell: Slow
  6851 | D:10     | Learned a level 3 spell: Dazzling Spray
  6929 | D:10     | Reached skill level 1 in Hexes
  7055 | D:10     | Killed an unseen horror
  7306 | D:10     | Noticed a manticore
  7319 | D:10     | Reached XP level 11. HP: 28/101 MP: 1/15
  7383 | D:10     | Killed a manticore
  7383 | D:10     | Reached skill level 11 in Fighting
  7383 | D:10     | Reached skill level 5 in Dodging
  7842 | D:10     | Killed an unseen horror
  7842 | D:10     | Reached ***** piety under Okawaru
  8114 | D:10     | Noticed Joseph
  8218 | D:10     | Killed Joseph
  8289 | D:11     | Noticed a manticore
  8599 | D:11     | Noticed a two-headed ogre
  8655 | D:11     | Killed a two-headed ogre
  8655 | D:11     | Received a gift from Okawaru
  9126 | D:12     | Noticed a deep elf mage
  9134 | D:12     | Killed a deep elf mage
  9149 | D:12     | Noticed a two-headed ogre
  9166 | D:12     | Killed a two-headed ogre
  9197 | D:12     | Noticed a two-headed ogre
  9239 | D:12     | Killed a two-headed ogre
  9239 | D:12     | Reached XP level 12. HP: 38/112 MP: 4/17
  9318 | D:12     | Found a staircase to the Orcish Mines.
  9322 | D:12     | Noticed a two-headed ogre
  9334 | D:12     | Killed a two-headed ogre
  9334 | D:12     | Reached skill level 12 in Fighting
  9334 | D:12     | Reached skill level 5 in Hexes
  9372 | D:12     | Found a labyrinth entrance.
  9380 | Lab      | Entered a labyrinth
  9770 | Lab      | Received a gift from Okawaru
 10167 | Lab      | Noticed a minotaur
 10180 | Lab      | Killed a minotaur
 10199 | Lab      | Got a steaming platinum ring
 10204 | Lab      | Identified the ring "Weguq" {Fire rPois Str-4 Dex+8} (You found it in a labyrinth)
 10529 | D:12     | Noticed an ogre mage
 10529 | D:12     | Noticed a two-headed ogre
 10530 | D:12     | Noticed a two-headed ogre
 10549 | D:12     | Killed a two-headed ogre
 10554 | D:12     | Killed an ogre mage
 10559 | D:12     | Killed a two-headed ogre
 10741 | D:12     | Noticed a two-headed ogre
 10761 | D:12     | Killed a two-headed ogre
 10979 | D:11     | Got a polished short sword
 10980 | D:11     | Identified the +7 short sword of Booxog {speed, rPois Int+3} (You found it on level 11 of the Dungeon)
 10984 | D:11     | Found a staircase to the Lair.
 11041 | Lair:1   | Entered Level 1 of the Lair of Beasts
 11061 | Lair:1   | Reached skill level 1 in Throwing
 11140 | Lair:1   | Reached skill level 1 in Short Blades
 11315 | Lair:1   | Got a warped plate armour
 11326 | Lair:1   | Identified the cursed +1 plate armour of Disaster {Dex+5} (You found it on level 1 of the Lair of Beasts)
 11555 | Lair:2   | Noticed a seven-headed hydra
 11587 | Lair:2   | Reached XP level 13. HP: 73/119 MP: 16/19
 11920 | Lair:2   | Received a gift from Okawaru
 12049 | Lair:2   | Noticed Gastronok
 12337 | Lair:2   | Killed Gastronok
 12847 | Lair:3   | Reached skill level 5 in Throwing
 12861 | Lair:3   | Reached skill level 5 in Stealth
 13197 | Lair:3   | Reached skill level 5 in Short Blades
 13359 | Lair:3   | Found a staircase to the Swamp.
 13362 | Lair:3   | Reached ****** piety under Okawaru
 13421 | Lair:3   | Received a gift from Okawaru
 14033 | Lair:4   | Found a staircase to the Snake Pit.
 14115 | Lair:4   | Received a gift from Okawaru
 14602 | Lair:5   | Reached XP level 14. HP: 125/127 MP: 7/20
 14950 | Lair:5   | Found a radiant altar of Vehumet.
 15252 | Lair:6   | Entered Level 6 of the Lair of Beasts
 15660 | Lair:6   | Found a staircase to the Slime Pits.
 16439 | Lair:6   | Received a gift from Okawaru
 16520 | Lair:6   | Received a gift from Okawaru
 16727 | Lair:6   | Got a scintillating ivory ring
 16728 | Lair:6   | Identified the ring of Koeteylu {rN+ Dex+3 SInv Stlth-} (You found it on level 6 of the Lair of Beasts)
 17101 | Orc:1    | Entered Level 1 of the Orcish Mines
 17133 | Orc:1    | Noticed an orc warlord
 17270 | Orc:1    | Killed an orc warlord
 17417 | Orc:1    | Received a gift from Okawaru
 17634 | Orc:2    | Entered Level 2 of the Orcish Mines
 17634 | Orc:2    | Found a staircase to the Elven Halls.
 17644 | Orc:2    | Reached XP level 15. HP: 134/134 MP: 19/21
 18061 | Orc:2    | Found Laufyor's Distillery.
 18094 | Orc:2    | Found a roughly hewn altar of Beogh.
 18327 | Orc:2    | Found a roughly hewn altar of Beogh.
 18331 | Orc:2    | Found Jetixucorch's Gadget Boutique.
 18388 | Orc:2    | Found a roughly hewn altar of Beogh.
 18415 | Orc:2    | Found Xinesuas's Antique Armour Boutique.
 18608 | Orc:2    | Found a roughly hewn altar of Beogh.
 18647 | Orc:2    | Found a roughly hewn altar of Beogh.
 18728 | Orc:2    | Noticed an orc warlord
 18778 | Orc:2    | Killed an orc warlord
 18980 | Orc:2    | Found Movehore's Antique Armour Boutique.
 18981 | Orc:2    | Found a roughly hewn altar of Beogh.
 18982 | Orc:2    | Found Raydin's Antique Weapon Shop.
 19095 | Orc:2    | Found a roughly hewn altar of Beogh.
 19197 | Orc:2    | Bought a heavily runed ring mail for 162 gold pieces
 19197 | Orc:2    | Bought an embroidered scarf for 144 gold pieces
 19219 | Orc:2    | Identified the cursed +0 ring mail "Okheimer" {rElec rC- SInv Stlth+} (You bought it in a shop on level 2 of the Orcish Mines)
 19537 | D:13     | Found a gate to the Vaults.
 19786 | D:13     | Found Hemnyimoydo's Antique Weapon Emporium.
 20314 | D:14     | Noticed Roxanne
 20469 | D:14     | Received a gift from Okawaru
 20649 | D:14     | Noticed Azrael
 20919 | D:14     | Reached skill level 10 in Hexes
 20953 | D:14     | Found a blossoming altar of Fedhas.
 21078 | D:14     | Killed Azrael
 21114 | D:15     | Entered Level 15 of the Dungeon
 21447 | D:15     | Reached XP level 16. HP: 75/141 MP: 2/22
 21447 | D:15     | Mangled by an enormous slime creature

Skill      XL: |  1  2  3  4  5  6  7  8  9 10 11 12 13 14 15 |
---------------+----------------------------------------------+-----
Fighting       | 1 2 3 5 6 8 10 11 12 | 12.7
Conjurations   | 2 3 4 5 6 |  6.0
Air Magic      | 3 4 5 |  5.0
Evocations     | 2 4 5 7 8 |  8.8
Armour         | 1 4 5 7 8 9 |  9.0
Invocations    | 1 4 6 |  6.1
Dodging        | 3 4 6 7 |  7.9
Hexes          | 2 4 6 7 9 10 | 10.0
Throwing       | 2 6 8 9 |  9.2
Short Blades   | 1 5 7 9 |  9.0
Stealth        | 2 5 7 9 |  9.0
Spellcasting   | 3 |  3.5

Action                   |  1- 3 |  4- 6 |  7- 9 | 10-12 | 13-15 | 16-18 || total
-------------------------+-------+-------+-------+-------+-------+-------++-------
Melee: Unarmed           |    14 |       |       |       |       |       ||    14
       Dagger            |    15 |       |     6 |    73 |       |       ||    94
       Short sword       |    20 |    71 |    84 |   497 |  2381 |       ||  3053
       Punch             |       |       |       |     7 |     9 |       ||    16
 Fire: Blowgun           |       |       |       |     4 |    65 |       ||    69
 Cast: Shock             |    41 |    89 |   179 |   436 |    41 |       ||   786
       Swiftness         |       |       |     1 |       |       |       ||     1
       Airstrike         |       |       |       |     6 |     3 |       ||     9
       Dazzling Spray    |       |       |       |    17 |   334 |       ||   351
       Slow              |       |       |       |     1 |       |       ||     1
Invok: Heroism           |       |       |     5 |    22 |    30 |       ||    57
 Abil: Evoke Berserk Rag |       |       |       |     4 |       |       ||     4
Evoke: Wand              |       |       |    14 |    23 |    35 |       ||    72
       Fan of gales      |       |       |       |       |     1 |       ||     1
       Phial of floods   |       |       |       |       |     1 |       ||     1
  Use: Scroll            |     1 |     6 |     6 |    13 |    12 |       ||    38
       Potion            |       |     1 |     1 |     7 |     3 |       ||    12
 Stab: Sleeping          |     1 |       |     2 |     8 |    14 |       ||    25
       Confused          |       |       |     3 |    13 |    10 |       ||    26
       Paralysed         |       |       |     1 |     1 |     3 |       ||     5
       Distracted        |       |       |       |     1 |     3 |       ||     4
       Invisible         |       |       |       |     2 |   128 |       ||   130
  Eat: Chunk             |       |     7 |    13 |    27 |    64 |       ||   111
       Fruit             |       |       |     2 |     1 |     1 |       ||     4
       Royal jelly       |       |       |       |     4 |     3 |       ||     7
       Bread ration      |       |       |       |     1 |       |       ||     1
Armor: Robe              |    20 |    22 |    27 |       |       |       ||    69
       Leather armour    |       |       |    17 |   181 |   206 |     1 ||   405
       Skin              |       |       |       |    21 |       |       ||    21
Dodge: Dodged            |    59 |    87 |   154 |   745 |  1770 |     2 ||  2817
       Deflected         |       |       |       |     2 |     4 |       ||     6
Block: Buckler           |       |       |       |       |   153 |       ||   153
       Reflection        |       |       |       |       |     5 |       ||     5
